 Dungeon Crawl Stone Soup version 0.26.1-11-gd32895ea62 (webtiles) character file.

Game seed: 4934289851253317371

801 jlumianski the Grasshopper (level 7, -3/56 HPs)
             Began as a Gnoll Warper on June 2, 2021.
             Slain by an iguana (12 damage)
             ... on level 5 of the Dungeon on June 3, 2021.
             The game lasted 00:33:06 (6009 turns).

jlumianski the Grasshopper (Gnoll Warper)           Turns: 6009, Time: 00:33:07

Health: -3/56      AC:  7    Str: 12 (13) XL:     7   Next: 90%
Magic:  6/24       EV: 12    Int: 18      God:
Gold:   152        SH:  4    Dex:  9 (14) Spells: 9/17 levels left

rFire    + . .     SeeInvis .   o - +0 war axe
rCold    x . .     Faith    .   C - +0 buckler
rNeg     . . .     Spirit   .   L - +0 ring mail
rPois    .         Reflect  .   (no helmet)
rElec    .         Harm     .   (no cloak)
rCorr    .         Rampage  .   (no gloves)
Will     .....                  p - +0 pair of boots {Fly}
Stlth    +++.......             (no amulet)
HPRegen  0.18/turn              I - ring of stealth
MPRegen  0.19/turn              J - ring "Waweu" {Fire MP+9 Stlth+}

@: flying
A: distributed training, fangs 1, strong nose
a: Stop Flying


You were on level 5 of the Dungeon.
You visited 1 branch of the dungeon, and saw 5 of its levels.

You collected 152 gold pieces.

Inventory:

Hand Weapons
 a - a +0 hand axe
 o - a +0 war axe (weapon)
 E - a +0 hunting sling
Missiles
 c - 143 stones
 e - 5 boomerangs of dispersal
 f - 26 sling bullets
 D - 3 boomerangs (quivered)
 F - a throwing net
 H - a poisoned dart
Armour
 b - a +0 leather armour
 p - a +0 pair of boots of flying (worn)
 x - a +0 scale mail
 C - a +0 buckler (worn)
 L - a +0 ring mail (worn)
Jewellery
 i - an uncursed amulet of faith
 I - a ring of stealth (left hand)
 J - the ring "Waweu" (right hand) {Fire MP+9 Stlth+}
   (You found it on level 4 of the Dungeon)

   [ring of fire]

   It enhances your fire magic.
   It protects you from fire.
   It makes you vulnerable to cold.
   It affects your magic capacity (+9).
   It makes you more stealthy.
 K - an uncursed ring of positive energy
 M - an uncursed ring of resist corrosion
Wands
 m - a wand of polymorph (12)
 u - a wand of random effects (8)
 y - a wand of paralysis (5)
Scrolls
 d - 3 scrolls of blinking
 j - a scroll of teleportation
 k - 5 scrolls of remove curse
 l - a scroll of amnesia {unknown}
 n - a scroll of identify
 s - a scroll of fear {unknown}
 t - a scroll of immolation {unknown}
 w - 2 scrolls of magic mapping {unknown}
 G - a scroll of enchant armour
 N - a scroll of enchant weapon {unknown}
Potions
 g - 2 potions of mutation
 h - a potion of magic
 q - a potion of lignification
 r - 5 potions of curing
 v - a potion of haste
 z - a potion of brilliance
 A - a potion of might
 B - a potion of degeneration


   Skills:
 + Level 5.4 Fighting
 + Level 2.7 Short Blades
 + Level 2.7 Long Blades
 + Level 5.4 Axes
 + Level 2.7 Maces & Flails
 + Level 2.7 Polearms
 + Level 2.7 Staves
 + Level 2.7 Slings
 + Level 2.7 Bows
 + Level 2.7 Crossbows
 + Level 3.8 Throwing
 + Level 3.8 Armour
 + Level 5.4 Dodging
 + Level 2.7 Stealth
 + Level 2.7 Shields
 + Level 2.7 Unarmed Combat
 + Level 5.7 Spellcasting
 + Level 2.2 Conjurations
 + Level 2.2 Hexes
 + Level 2.2 Summonings
 + Level 2.2 Necromancy
 + Level 5.9 Translocations
 + Level 2.2 Transmutations
 + Level 2.2 Fire Magic
 + Level 2.2 Ice Magic
 + Level 2.2 Air Magic
 + Level 2.2 Earth Magic
 + Level 2.2 Poison Magic
 + Level 3.0 Invocations
 + Level 2.7 Evocations


You had 9 spell levels left.
You knew the following spells:

 Your Spells              Type           Power        Failure   Level
a - Blink                 Tloc           N/A          4%          2
b - Gell's Gravitas       Tloc           13%          9%          3
c - Teleport Other        Tloc           26%          9%          3

Your spell library contained the following spells:

 Spells                   Type           Power        Failure   Level
 Apportation              Tloc           52%          2%          1
 Lesser Beckoning         Tloc           13%          9%          3
 Animate Skeleton         Necr           26%          12%         1
 Corona                   Hex            14%          12%         1
 Magic Dart               Conj           52%          12%         1
 Summon Small Mammal      Summ           52%          12%         1
 Call Imp                 Summ           13%          19%         2
 Slow                     Hex            13%          19%         2
 Passage of Golubria      Tloc           N/A          26%         4
 Conjure Flame            Conj/Fire      19%          36%         3
 Mephitic Cloud           Conj/Pois/Air  13%          36%         3


Dungeon Overview and Level Annotations

Branches:
Dungeon (5/15)
 Temple: D:4-7

Altars:
Dithmenos
Elyvilon
Fedhas
Hepliaklqana
Kikubaaqudgha
Makhleb
Ru
Uskayaw
Wu Jian
Xom

Shops:
D:4 [

Annotations:
D:3 oc3rt's ghost, amateur KoEn


Innate Abilities, Weirdness & Mutations

Your experience applies equally to all skills.
You have very sharp teeth.
Your uncanny sense of smell can sniff out nearby items.


Message History

The orc wizard gestures at you while chanting.
The magic dart hits you.
* * * LOW HITPOINT WARNING * * *
You feel better.
The orc wizard gestures at you while chanting.
The magic dart hits you.
* * * LOW HITPOINT WARNING * * *
You slash the orc wizard!
You bite the orc wizard, but do no damage.
The orc wizard is severely wounded.
The orc wizard mumbles some strange words.
The orc wizard blinks!
The orc wizard points at you and mumbles some strange words.
The magic dart hits you but does no damage.
Casting: Blink (safe; 4% risk of failure)
Confirm with . or Enter, or press ? or * to list all spells.
Aiming: Gell's Gravitas (dangerous; 9% risk of failure)
Press: ? - help, Dir - move target Gravity reorients around empty space.
The iguana bites you!
You die...

#.#.# #l#.# #.#.# #.# # #.#.#
#§#.# .# #l#.# #.#.# .#
#.#.#####.#.# .# #.#.......#.#
#######+#.#.#.#..######.#
...............§l.....#.#
#.......###..##@o....#.#########
#...............................
#..######.........########.
#..######...<..........# #.
#............#########.# #.
#........#...# #.# #.
##...####.#...####### #.# #.
#.....# #.#...#.....# #.# #.
#.....# #.#...###.#.# #.# #.


You could see an iguana and an orc wizard (fast).

Vanquished Creatures
  A sky beast (D:5)
  An ice beast (D:5)
  An ogre (D:4)
  2 vampire bats (D:4)
  A hound (D:3)
  3 quasits (D:3)
  An orc priest (D:3)
  2 orc wizards (D:3)
  3 worker ants
  A howler monkey skeleton (D:4)
  4 adders
  2 oozes
  2 worms (D:3)
  3 dart slugs
  15 orcs
  A ball python (D:1)
  2 bat skeletons (D:4)
  3 bat zombies (D:4)
  3 giant cockroaches
  4 goblins
  6 hobgoblins
  10 jackals (D:3)
  4 kobolds
  2 quokkas
  9 bats
  4 frilled lizards
  10 rats
100 creatures vanquished.

Notes
Turn   | Place    | Note
-------+----------+-------------------------------------------
     0 | D:1      | jlumianski the Gnoll Warper began the quest for the Orb.
     0 | D:1      | Reached XP level 1. HP: 20/20 MP: 6/6
   200 | D:1      | Reached XP level 2. HP: 26/26 MP: 7/7
   203 | D:1      | Learned a level 2 spell: Blink
   801 | D:1      | Reached XP level 3. HP: 31/31 MP: 9/9
   816 | D:1      | Reached skill level 5 in Spellcasting
  1047 | D:1      | Reached skill level 1 in Invocations
  1051 | D:1      | Learned a level 3 spell: Gell's Gravitas
  1055 | D:1      | Learned a level 3 spell: Teleport Other
  1512 | D:2      | Reached skill level 1 in Short Blades
  1512 | D:2      | Reached skill level 1 in Long Blades
  1512 | D:2      | Reached skill level 1 in Maces & Flails
  1512 | D:2      | Reached skill level 1 in Polearms
  1512 | D:2      | Reached skill level 1 in Staves
  1512 | D:2      | Reached skill level 1 in Slings
  1512 | D:2      | Reached skill level 1 in Bows
  1512 | D:2      | Reached skill level 1 in Crossbows
  1512 | D:2      | Reached skill level 1 in Stealth
  1512 | D:2      | Reached skill level 1 in Shields
  1512 | D:2      | Reached skill level 1 in Unarmed Combat
  1512 | D:2      | Reached skill level 1 in Evocations
  1700 | D:2      | Reached XP level 4. HP: 38/38 MP: 11/11
  1890 | D:3      | Found a sacrificial altar of Ru.
  1890 | D:3      | Found an ornate altar of the Wu Jian Council.
  1918 | D:3      | Found a transporter.
  1924 | D:3      | Noticed oc3rt's ghost (amateur KoEn)
  1973 | D:3      | Found a transporter.
  2343 | D:3      | Found a hide-covered altar of Uskayaw.
  2346 | D:3      | Found a burning altar of Makhleb.
  2356 | D:3      | Reached skill level 1 in Conjurations
  2356 | D:3      | Reached skill level 1 in Hexes
  2356 | D:3      | Reached skill level 1 in Summonings
  2356 | D:3      | Reached skill level 1 in Necromancy
  2356 | D:3      | Reached skill level 1 in Transmutations
  2356 | D:3      | Reached skill level 1 in Fire Magic
  2356 | D:3      | Reached skill level 1 in Ice Magic
  2356 | D:3      | Reached skill level 1 in Air Magic
  2356 | D:3      | Reached skill level 1 in Earth Magic
  2356 | D:3      | Reached skill level 1 in Poison Magic
  2356 | D:3      | Found a blossoming altar of Fedhas.
  2356 | D:3      | Found a shadowy altar of Dithmenos.
  2363 | D:3      | Found a white marble altar of Elyvilon.
  2365 | D:3      | Found a hazy altar of Hepliaklqana.
  2380 | D:3      | Reached XP level 5. HP: 35/43 MP: 8/12
  3270 | D:3      | Reached XP level 6. HP: 42/50 MP: 6/13
  3623 | D:3      | Reached skill level 5 in Fighting
  3623 | D:3      | Reached skill level 5 in Axes
  3623 | D:3      | Reached skill level 5 in Dodging
  3878 | D:4      | Found a shimmering altar of Xom.
  4233 | D:4      | Got a fine granite ring
  4235 | D:4      | Identified the ring "Waweu" {Fire MP+9 Stlth+} (You found
                  | it on level 4 of the Dungeon)
  4408 | D:4      | Found Cial's Armour Shop.
  4719 | D:4      | Reached XP level 7. HP: 8/56 MP: 15/15
  5207 | D:4      | Found an ancient bone altar of Kikubaaqudgha.
  5484 | D:5      | Entered Level 5 of the Dungeon
  6009 | D:5      | Slain by an iguana

Illustrated notes

Levels and vault maps discovered:
D:1:      evilmike_arrival_rings, layout_rooms
D:2:      layout_loops_ring
D:3:      layout_basic, grunt_temple_overflow_open,
          gammafunk_temple_overflow_elements, gammafunk_ghost_stat_death
D:4:      layout_loops_ring, kennysheep_vampire_church,
          overflow_temple_1_default, serial_rivers,
          chequers_serial_rivers_micro_a, chequers_serial_rivers_small_b,
          chequers_serial_rivers_micro_c, chequers_serial_rivers_small_3,
          chequers_serial_rivers_micro_c, chequers_serial_rivers_micro_c,
          serial_shops, shop
D:5:      layout_basic, temple_doors_ab, uniq_blork_the_orc, uniq_edmund

Skill      XL: |  1  2  3  4  5  6  7 |
---------------+----------------------+-----
Spellcasting   | 5 |  5.7
Invocations    | 1 2 3 |  3.0
Short Blades   | 1 2 |  2.7
Long Blades    | 1 2 |  2.7
Maces & Flails | 1 2 |  2.7
Polearms       | 1 2 |  2.7
Staves         | 1 2 |  2.7
Slings         | 1 2 |  2.7
Bows           | 1 2 |  2.7
Crossbows      | 1 2 |  2.7
Stealth        | 1 2 |  2.7
Shields        | 1 2 |  2.7
Unarmed Combat | 1 2 |  2.7
Evocations     | 1 2 |  2.7
Conjurations   | 1 2 |  2.2
Hexes          | 1 2 |  2.2
Summonings     | 1 2 |  2.2
Necromancy     | 1 2 |  2.2
Transmutations | 1 2 |  2.2
Fire Magic     | 1 2 |  2.2
Ice Magic      | 1 2 |  2.2
Air Magic      | 1 2 |  2.2
Earth Magic    | 1 2 |  2.2
Poison Magic   | 1 2 |  2.2
Throwing       | 3 |  3.8
Armour         | 3 |  3.8
Fighting       | 5 |  5.4
Axes           | 5 |  5.4
Dodging        | 5 |  5.4
Translocations | |  5.9

Action                   |  1- 3 |  4- 6 |  7- 9 || total
-------------------------+-------+-------+-------++-------
Melee: Hand axe          |    54 |       |       ||    54
       Bite              |     7 |    10 |     2 ||    19
       War axe           |    28 |   164 |    53 ||   245
 Fire: Hunting sling     |       |    12 |    11 ||    23
Throw: Stone             |    45 |     9 |       ||    54
       Boomerang         |       |     5 |     8 ||    13
 Cast: Blink             |     3 |     4 |     4 ||    11
       Gell's Gravitas   |       |    21 |    11 ||    32
Evoke: Wand              |       |     4 |     1 ||     5
  Use: Scroll            |     2 |     4 |       ||     6
       Potion            |     2 |     3 |     5 ||    10
 Stab: Sleeping          |     1 |     3 |     1 ||     5
Armor: Leather armour    |    20 |    94 |       ||   114
       Ring mail         |       |     2 |    31 ||    33
Dodge: Dodged            |    74 |   172 |    54 ||   300
Block: Buckler           |       |    41 |    17 ||    58
